 Dungeon Crawl Stone Soup version 0.25.0-11-g1f837a7 (webtiles) character file.

Game seed: 14716323316931308793

83 shmeve the Skirmisher (level 4, 0/29 HPs)
             Began as a Gargoyle Berserker on June 24, 2020.
             Was a Follower of Trog.
             Slain by an orc wizard
             ... wielding a +0 dagger of venom
              (1 damage)
             ... on level 2 of the Dungeon.
             The game lasted 00:02:08 (1607 turns).

shmeve the Skirmisher (Gargoyle Berserker)          Turns: 1607, Time: 00:02:09

Health: 0/29       AC:  5    Str: 20    XL:     4   Next: 44%
Magic:  4/4        EV: 12    Int:  8    God:    Trog [*.....]
Gold:   57         SH:  0    Dex: 10    Spells: 3/3 levels left

rFire    . . .     SeeInvis .   a - +0 hand axe
rCold    . . .     Gourm    .   (no shield)
rNeg     + . .     Faith    .   b - +0 animal skin
rPois    ∞         Spirit   .   (no helmet)
rElec    +         Reflect  .   (no cloak)
rCorr    .         Harm     .   (no gloves)
MR       .....                  (no boots)
Stlth    +.........             (no amulet)
HPRegen  0.09/turn              (no ring)
MPRegen  0.09/turn              (no ring)

@: berserk cooldown, slowed, very slow
A: negative energy resistance 1, electricity resistance, unbreathing,
petrification resistance, rot immunity, AC +3
a: Berserk, Renounce Religion


You were on level 2 of the Dungeon.
You worshipped Trog.
Trog was aware of your devotion.
You were very hungry.

You visited 1 branch of the dungeon, and saw 2 of its levels.

You collected 57 gold pieces.

Inventory:

Hand Weapons
 a - a +0 hand axe (weapon)
Armour
 b - a +0 animal skin (worn)
Scrolls
 d - 3 scrolls of remove curse {unknown}
 e - 2 scrolls of identify {unknown}
 f - a scroll of noise {unknown}
 g - a scroll of amnesia {unknown}
Comestibles
 c - 6 rations


   Skills:
 * Level 4.1 Fighting
 * Level 3.4 Axes
 + Level 1.2 Throwing
 + Level 2.9 Armour
 - Level 1.5 Dodging


You had 3 spell levels left.
You didn't know any spells.
Your spell library was empty.

Dungeon Overview and Level Annotations

Branches:
Dungeon (2/15)

Altars:


Innate Abilities, Weirdness & Mutations

You are resistant to torment.
Your stone body is resilient. (AC +3)
You are immune to poison.
You resist negative energy. (rN+)
You are resistant to electric shocks. (rElec)
You can survive without breathing.
You are immune to petrification.
You are immune to rotting.


Message History

* * * LOW HITPOINT WARNING * * *
You slash the rat!
You kill the rat!
Trog accepts your kill.
You hit the orc wizard.
You are no longer berserk.
You are exhausted.
You feel yourself slow down. The orc wizard misses you.
The orc wizard barely misses you.
Things that are here:
a +0 mace; 2 boomerangs; a +0 chain mail You barely miss the orc wizard.
The orc wizard is almost dead.
The orc wizard gestures at you while chanting.
The puff of frost hits you but does no damage.
The orc wizard hits you but does no damage.
You closely miss the orc wizard.
The orc wizard is almost dead.
The orc wizard hits you with a +0 dagger of venom.
You die...

#######
###.....############
......))...........#####
##....)########>.......
#...o@# #......##
#.....# #......# #.....#
#......# .........
#.#.#### ....###.. #.#.#
..). #... #.#.# ... #...
#.#.# .. #.... #.#.#
#.#.#


You could see an orc wizard.

Vanquished Creatures
  An orc priest (D:2)
  An adder (D:2)
  An ooze (D:2)
  2 worms (D:2)
  2 dart slugs (D:1)
  3 orcs (D:2)
  8 bats
  A giant cockroach (D:2)
  2 goblins
  2 hobgoblins (D:1)
  A kobold (D:1)
  2 frilled lizards (D:1)
  4 rats
30 creatures vanquished.

Notes
Turn   | Place    | Note
-------+----------+-------------------------------------------
     0 | D:1      | shmeve the Gargoyle Berserker began the quest for the Orb.
     0 | D:1      | Reached XP level 1. HP: 14/14 MP: 1/1
   404 | D:1      | Reached XP level 2. HP: 19/19 MP: 2/2
  1253 | D:2      | Reached XP level 3. HP: 23/23 MP: 3/3
  1593 | D:2      | Reached skill level 4 in Fighting
  1593 | D:2      | Reached skill level 1 in Throwing
  1593 | D:2      | Reached XP level 4. HP: 19/29 MP: 4/4
  1603 | D:2      | HP: 2/43 [orc wizard/+0 dagger of venom (3)]
  1607 | D:2      | Slain by an orc wizard

Illustrated notes

Levels and vault maps discovered:
D:1:      dpeg_arrival_water_temple_mockup, layout_loops_ring
D:2:      layout_basic, first_ration, uniq_terence

Skill      XL: |  1  2  3 |
---------------+----------+-----
Axes           | 3 |  3.4
Fighting       | 4 |  4.1
Throwing       | 1 |  1.2
Armour         | |  2.9
Dodging        | |  1.5

Action                   |  1- 3 |  4- 6 || total
-------------------------+-------+-------++-------
Melee: Hand axe          |    83 |    12 ||    95
Throw: Boomerang         |     8 |       ||     8
Invok: Berserk           |     2 |       ||     2
  Eat: Chunk             |     3 |       ||     3
Armor: Animal skin       |    38 |     5 ||    43
Dodge: Dodged            |    76 |    10 ||    86
